 Dungeon Crawl Stone Soup version 0.25.1-2-g60ff931df9 (webtiles) character file.

Game seed: 5073764651342293635

86109 DerDa the Polluter (level 15, -7/132 HPs)
             Began as a Naga Venom Mage on Oct 10, 2020.
             Was a High Priest of Sif Muna.
             Mangled by a skeletal warrior
             ... wielding a +0 glaive
              (20 damage)
             ... on level 14 of the Dungeon.
             The game lasted 02:33:32 (36548 turns).

DerDa the Polluter (Naga Venom Mage)               Turns: 36548, Time: 02:33:33

Health: -7/132     AC: 22    Str: 18    XL:     15   Next: 86%
Magic:  30/30      EV: 14    Int: 21    God:    Sif Muna [*****.]
Gold:   802        SH:  6    Dex:  8    Spells: 4/36 levels left

rFire    + + .     SeeInvis +   L - +7 spear of Duty {vorpal, +Inv SInv}
rCold    + + .     Gourm    .   G - +2 buckler {AC+3}
rNeg     . . .     Faith    .   q - +3 leather armour of Ohobum {rCorr Str+8 Dex-5}
rPois    +         Spirit   .   X - +2 helmet
rElec    .         Reflect  .   K - scarf {rC+ rF+}
rCorr    +         Harm     .   A - +2 pair of gloves
MR       +....                  l - +0 naga barding {rF+}
Stlth    ++........             Q - amulet of magic regeneration
HPRegen  0.32/turn              a - +4 ring of evasion
MPRegen  0.47/turn              o - ring of protection from cold

@: very slow
A: large, see invisible, deformed body, poison resistance, slowness 2, slow
metabolism 1, spit poison 1, constrict 1, AC +5
a: Spit Poison, Channel Magic, Forget Spell, Divine Exegesis, Renounce Religion,
Evoke Invisibility


You were on level 14 of the Dungeon.
You worshipped Sif Muna.
Sif Muna was extremely pleased with you.
You were not hungry.

You visited 4 branches of the dungeon, and saw 24 of its levels.
You also visited: Sewer.

You collected 2184 gold pieces.
You spent 1382 gold pieces at shops.

Inventory:

Hand Weapons
 D - a +7 vorpal demon whip
 H - a +2 scimitar of holy wrath
 L - the +7 spear of Duty (weapon) {vorpal, +Inv SInv}
   (You bought it in a shop on level 1 of the Orcish Mines)

   It inflicts extra damage upon your enemies.
   It lets you see invisible.
   It lets you turn invisible.
Missiles
 w - 99 sling bullets
 I - 52 poisoned darts (quivered)
Armour
 l - a +0 naga barding of fire resistance (worn)
 q - the +3 leather armour of Ohobum (worn) {rCorr Str+8 Dex-5}
   (You found it on level 7 of the Dungeon)

   It affects your strength (+8).
   It affects your dexterity (-5).
   It provides partial protection from all sources of acid and corrosion.
 A - a +2 pair of gloves (worn)
 G - a +2 buckler of protection (worn)
 K - a scarf of resistance (worn)
 X - a +2 helmet (worn)
Jewellery
 a - a +4 ring of evasion (left hand)
 o - a ring of protection from cold (right hand)
 t - a +4 ring of evasion
 Q - an amulet of magic regeneration (around neck)
 U - an uncursed ring of resist corrosion
Wands
 d - a wand of enslavement (7)
 e - a wand of clouds (15)
 m - a wand of disintegration (6)
 s - a wand of polymorph (50)
 O - a wand of digging (4)
 V - a wand of flame (35)
Scrolls
 f - 11 scrolls of remove curse
 g - 5 scrolls of magic mapping
 p - 11 scrolls of teleportation
 v - 5 scrolls of fog
 y - 4 scrolls of fear
 N - a scroll of blinking
Potions
 h - 2 potions of cancellation
 i - 16 potions of curing
 j - 3 potions of mutation
 k - 3 potions of berserk rage
 n - 6 potions of might
 r - 3 potions of heal wounds
 x - a potion of resistance
 z - a potion of haste
 B - 2 potions of magic
 C - 8 potions of flight
 E - 4 potions of brilliance
 F - 3 potions of ambrosia
 R - a potion of stabbing {unknown}
 W - 2 potions of invisibility
Miscellaneous
 S - a lightning rod (4/4)
 T - a box of beasts
Comestibles
 b - 6 chunks of flesh
 c - 34 rations


   Skills:
 + Level 8.3 Fighting
 + Level 7.2 Dodging
 - Level 3.0 Stealth
 + Level 5.5 Shields
 * Level 11.0 Spellcasting
 * Level 9.4 Conjurations
 - Level 5.0 Translocations
 + Level 6.9 Transmutations
 - Level 5.0 Fire Magic
 - Level 5.0 Air Magic
 + Level 1.5 Earth Magic
 * Level 15.1 Poison Magic
 + Level 8.7 Invocations
 + Level 7.8 Evocations


You had 4 spell levels left.
You knew the following spells:

 Your Spells              Type           Power        Failure   Level  Hunger
a - Sting                 Tmut/Pois      ####         1%          1    None
b - Olgreb's Toxic Radia  Pois           ######..     1%          4    #......
c - Ignite Poison         Fire/Tmut/Pois #####...     1%          3    None
d - Statue Form           Tmut/Erth      ####.....    88%         6    ######.
e - Eringya's Noxious Bo  Tmut/Pois      ######....   12%         6    ######.
f - Irradiate             Conj/Tmut      #####.....   7%          5    ####...
h - Mephitic Cloud        Conj/Pois/Air  ######..     1%          3    None
q - Blink                 Tloc           N/A          1%          2    None
u - Poisonous Vapours     Pois/Air       ######       1%          2    None

Your spell library contained the following spells:

 Spells                   Type           Power        Failure   Level  Hunger
 Foxfire                  Conj/Fire      ####         1%          1    None
 Magic Dart               Conj           ####         1%          1    None
 Shock                    Conj/Air       ####         1%          1    None
 Conjure Flame            Conj/Fire      #####...     1%          3    None
 Spider Form              Tmut/Pois      ######....   1%          3    None
 Static Discharge         Conj/Air       #####...     1%          3    None
 Gell's Gravitas          Tloc           ####......   2%          3    None
 Swiftness                Chrm/Air       ###.....     3%          2    None
 Dazzling Flash           Conj/Hex       ####..       3%          3    None
 Sticky Flame             Conj/Fire      #####...     3%          4    #......
 Corona                   Hex            ##.....      7%          1    None
 Portal Projectile        Hex/Tloc       ###...       8%          3    None
 Airstrike                Air            ####......   9%          4    #......
 Call Imp                 Summ           ##......     11%         2    None
 Ensorcelled Hibernation  Hex/Ice        ##....       11%         2    None
 Slow                     Hex            ##......     11%         2    None
 Confusing Touch          Hex            ##......     21%         3    None
 Tukima's Dance           Hex            ##......     21%         3    None
 Animate Dead             Necr           N/A          56%         4    #......
 Dispel Undead            Necr           ##......     56%         4    #......
 Alistair's Intoxication  Tmut/Pois      ######..     1%          5    ####...
 Fireball                 Conj/Fire      #####.....   10%         5    ####...
 Lightning Bolt           Conj/Air       #####.....   10%         5    ####...
 Bolt of Magma            Conj/Fire/Erth ####......   22%         5    ####...
 Iskenderun's Battlesphe  Conj/Chrm      ####....     28%         5    ####...
 Borgnjor's Vile Clutch   Necr/Erth      ##........   80%         5    ####...
 Dispersal                Tloc           ####......   80%         6    ######.
 Ring of Flames           Chrm/Fire      ###.......   100%        7    #######
 Controlled Blink         Tloc           N/A          100%        8    #######
 Death's Door             Chrm/Necr      ##........   100%        8    #######
 Disjunction              Tloc           ####......   100%        8    #######
 Ignition                 Fire           ####......   100%        8    #######
 Absolute Zero            Ice            ##........   100%        9    #######
 Fire Storm               Conj/Fire      #####.....   100%        9    #######


Dungeon Overview and Level Annotations

Branches:
Dungeon (15/15)            Temple (1/1) D:4            Lair (6/6) D:8
  Swamp (0/4) Lair:2        Snake (0/4) Lair:2        Slime (0/5) Lair:6
    Orc (2/2) D:11            Elf (0/3) Orc:2        Depths (0/5) D:15
  Sewer (visited)
 Vaults: D:13-14

Altars:
Ashenzari
Cheibriados
Dithmenos
Elyvilon
Fedhas
Gozag
Hepliaklqana
Kikubaaqudgha
Makhleb
Nemelex Xobeh
Okawaru
Qazlal
Ru
Sif Muna
Trog
Uskayaw
Vehumet
Wu Jian
Xom
Yredelemnul
Zin
The Shining One
Beogh
Jiyva

Shops:
D:4 =   D:6 }   D:8 :   D:9 !   D:11 *   Orc:1 (%   Orc:2 ?[%[

Annotations:
D:7 3 runed translucent doors, Mryle's ghost, novice OpTm


Innate Abilities, Weirdness & Mutations

You cannot wear boots.
Your serpentine skin is tough. (AC +5)
You have supernaturally acute eyesight. (SInv)
Armour fits poorly on your strangely shaped body.
Your system is resistant to poisons. (rPois)
You cover ground very slowly.
You have a slow metabolism.
You can spit poison.
You can use your snake-like lower body to constrict enemies.


Message History

The skeletal warrior hits you from afar with a +0 glaive!
The skeletal warrior is engulfed in blazing flames. x2
The skeletal warrior hits you from afar with a +0 glaive!
The necromancer casts a spell at you. The bolt of cold misses you.
The necromancer mumbles some strange words.
The necromancer binds the souls of nearby monsters.
You see here a +0 quarterstaff.
You block the skeletal warrior's attack.
The necromancer casts a spell.
The necromancer flickers and vanishes for a moment.
A skeletal warrior comes into view. It is wielding a +0 hand axe.
The skeletal warrior completely misses you.
The skeletal warrior hits you from afar with a +0 halberd!!
* * * LOW HITPOINT WARNING * * *
The skeletal warrior completely misses you.
The skeletal warrior hits you from afar with a +0 glaive!!
* * * LOW HITPOINT WARNING * * *
The skeletal warrior hits you from afar with a +0 glaive!!
You die...

....### ###...#.#..#### ......##
##...# #.#.....#
###.#..#######..#####.......#
#.##............#.........#
#.#####.#(##..............#
###.##....#.................#
.......#####................####
.........zp.zz.................
#####.########z.@..............#
...##.# ##...#<..#........#
##..#.. ######.............# #
#...## .........#..##.#...# .
...... #p...........#.#...# .
....## ....####.###..>#...# ##
###... ....p.....####....# ..#
..######.####....# .#
#...##....#


You could see 4 skeletal warriors and a necromancer (invisible).

Vanquished Creatures
  A fire giant (D:15)
  An orc warlord (Orc:2)
  A stone giant (Orc:1)
  2 dire elephants (Lair:6)
  Snorg (D:12)
  Erolcha (Orc:1)
  8 hydras
  2 vault guards (D:14)
  2 centaur warriors
  4 two-headed ogres
  Erica (Orc:1)
  7 death yaks
  4 orc high priests (Orc:2)
  Nergalle (D:12)
  A skeletal warrior (D:14)
  An unseen horror (D:14)
  2 wizards (D:14)
  3 lindwurms (Lair:6)
  A necromancer (D:14)
  4 orc knights
  2 wolf spiders
  A deep elf mage (D:13)
  8 ugly things
  3 orc sorcerers (Orc:2)
  4 cyclopes
  3 manticores
  4 black mambas
  7 elephants (Lair:6)
  A torpor snail (Lair:4)
  A molten gargoyle (Lair:2)
  Psyche (D:9)
  8 spiny frogs
  A spiny frog (shapeshifter) (D:13)
  Maggie (D:8)
  4 rime drakes
  7 komodo dragons
  2 tengu conjurers (D:12)
  A queen bee (D:9)
  5 polar bears (Lair:2)
  A bog body (Lair:2)
  13 trolls
  13 blink frogs
  Prince Ribbit (D:8)
  5 slime creatures (D:13)
  12 hippogriffs
  7 dream sheep
  4 wraiths
  3 wyverns
  32 yaks
  3 shadows
  A fire elemental (Lair:2)
  10 humans
  4 basilisks
  2 vampires
  A steam dragon (Lair:2)
  A vampire mosquito (D:12)
  2 hungry ghosts
  4 wargs
  3 nagas (Lair:2)
  2 swamp worms (Lair:2)
  14 water moccasins
  6 porcupines
  A black bear (D:6)
  3 phantoms
  4 ice beasts
  39 orc warriors
  14 wolves
  3 hornet zombies
  24 ogres
  6 centaurs
  3 necrophages
  9 crocodiles
  5 big kobolds
  20 bullfrogs
  A gnoll sergeant (D:7)
  A water moccasin zombie (D:7)
  3 scorpions
  22 killer bees
  17 wights
  5 howler monkeys
  5 electric eels
  12 crimson imps
  5 centaur zombies
  A quasit (D:13)
  A bullfrog zombie (D:11)
  12 hounds
  3 jellies
  3 centaur skeletons
  36 orc priests
  18 orc wizards
  11 worker ants
  Jessica (D:2)
  Ijyb (D:4)
  4 iguanas
  9 hell rats
  A hound zombie (D:11)
  A hound skeleton (D:6)
  16 gnolls
  13 adders
  14 river rats
  6 shadow imps
  A white imp (D:9)
  2 oozes
  2 adder skeletons
  5 worms
  10 leopard geckos
  92 orcs
  A ball python (Sewer)
  7 bats
  10 giant cockroaches
  5 goblins (D:1)
  8 hobgoblins
  8 jackals
  18 kobolds
  7 quokkas
  A ball python skeleton (D:6)
  14 frilled lizards
  A jackal skeleton (D:8)
  A quokka skeleton (D:4)
  3 quokka zombies
  15 rats
  4 fungi
824 creatures vanquished.

Vanquished Creatures (others)
  Jorgrun (Orc:1)
  2 hydras
  A catoblepas (D:15)
  4 elephants (Lair:5)
  11 ugly things
  3 spiny frogs
  5 yaks
  A soldier ant (D:15)
  A water moccasin (Lair:5)
  A hell rat (Lair:2)
  10 fungi
  6 plants
46 creatures vanquished.

Grand Total: 870 creatures vanquished

Notes
Turn   | Place    | Note
-------+----------+-------------------------------------------
     0 | D:1      | DerDa the Naga Venom Mage began the quest for the Orb.
     0 | D:1      | Reached XP level 1. HP: 15/15 MP: 3/3
   125 | D:1      | Reached XP level 2. HP: 14/22 MP: 1/5
   138 | D:1      | Learned a level 2 spell: Poisonous Vapours
   716 | D:1      | Reached XP level 3. HP: 30/30 MP: 0/6
   905 | D:1      | Learned a level 3 spell: Mephitic Cloud
   948 | D:2      | Noticed Jessica
   951 | D:2      | Killed Jessica
   951 | D:2      | Reached skill level 1 in Air Magic
  1045 | D:2      | Reached XP level 4. HP: 37/37 MP: 4/7
  1736 | D:2      | Found a bloodstained altar of Trog.
  1852 | D:2      | Reached skill level 1 in Fighting
  2176 | D:3      | Reached XP level 5. HP: 38/44 MP: 2/9
  2464 | D:3      | Reached skill level 5 in Poison Magic
  2999 | D:3      | Reached XP level 6. HP: 29/51 MP: 0/10
  3005 | D:3      | Learned a level 4 spell: Olgreb's Toxic Radiance
  4162 | D:4      | Reached XP level 7. HP: 58/58 MP: 2/12
  4392 | D:4      | Found a staircase to the Ecumenical Temple.
  4405 | Temple   | Entered the Ecumenical Temple
  4609 | Temple   | Became a worshipper of Sif Muna the Loreminder
  4643 | D:4      | Found a glowing silver altar of Zin.
  4646 | D:4      | Found a glowing golden altar of the Shining One.
  4729 | D:4      | Reached skill level 6 in Poison Magic
  4734 | D:4      | Learned a level 3 spell: Ignite Poison
  5165 | D:4      | Noticed Ijyb
  5172 | D:4      | Killed Ijyb
  5513 | D:4      | Found Risuzuaf's Jewellery Boutique.
  5953 | D:5      | Entered Level 5 of the Dungeon
  5953 | D:5      | Found a glowing drain.
  5982 | Sewer    | Entered a sewer
  6071 | Sewer    | Reached XP level 8. HP: 40/68 MP: 0/13
  6265 | Sewer    | Reached * piety under Sif Muna
  6297 | Sewer    | Reached skill level 1 in Invocations
  6960 | D:5      | Found a hazy altar of Hepliaklqana.
  7026 | D:5      | Reached skill level 1 in Fire Magic
  7078 | D:5      | Found an iron altar of Okawaru.
  7494 | D:5      | Found a glowing golden altar of the Shining One.
  7795 | D:6      | Found a basalt altar of Yredelemnul.
  7847 | D:6      | Found a white marble altar of Elyvilon.
  7888 | D:6      | Reached skill level 7 in Poison Magic
  7961 | D:6      | Found a hazy altar of Hepliaklqana.
  7973 | D:6      | Found Icul's Gadget Shoppe.
  8074 | D:6      | Reached skill level 1 in Evocations
  8090 | D:6      | Reached XP level 9. HP: 60/75 MP: 3/16
  8283 | D:6      | Reached ** piety under Sif Muna
  8465 | D:6      | Reached skill level 5 in Transmutations
  8646 | D:6      | Reached skill level 5 in Spellcasting
  8870 | D:7      | Found a sparkling altar of Nemelex Xobeh.
  8938 | D:7      | Reached skill level 5 in Air Magic
  9316 | D:7      | Reached skill level 8 in Poison Magic
  9526 | D:7      | Found a runed translucent gate.
  9526 | D:7      | Found a runed translucent gate.
  9730 | D:7      | Got a faintly humming leather armour
  9740 | D:7      | Identified the +3 leather armour of Ohobum {rCorr Str+8
                  | Dex-5} (You found it on level 7 of the Dungeon)
  9765 | D:7      | Found a runed translucent gate.
 10165 | D:7      | Reached XP level 10. HP: 70/85 MP: 11/18
 10401 | D:7      | Reached *** piety under Sif Muna
 10457 | D:7      | Found a bloodstained altar of Trog.
 10523 | D:7      | Reached skill level 9 in Poison Magic
 10833 | D:7      | Learned a level 2 spell: Blink
 10948 | D:7      | Noticed Mryle's ghost (novice OpTm)
 11091 | D:8      | Noticed Prince Ribbit
 11219 | D:8      | Noticed Maggie
 11226 | D:8      | Killed Maggie
 11226 | D:8      | Reached skill level 1 in Shields
 11233 | D:8      | Killed Prince Ribbit
 11873 | D:8      | Found a staircase to the Lair.
 12104 | D:8      | Found Rawkirre's Book Shoppe.
 12233 | D:9      | Found a stormy altar of Qazlal.
 12237 | D:9      | Found a burning altar of Makhleb.
 12254 | D:9      | Noticed Psyche
 12289 | D:9      | Killed Psyche
 12293 | D:9      | Reached **** piety under Sif Muna
 12355 | D:9      | Reached skill level 10 in Poison Magic
 12355 | D:9      | Reached XP level 11. HP: 47/93 MP: 0/21
 12637 | D:9      | Noticed a two-headed ogre
 12655 | D:9      | Killed a two-headed ogre
 12834 | D:9      | Reached skill level 5 in Fighting
 13028 | D:9      | Found a blossoming altar of Fedhas.
 13036 | D:9      | Found an opulent altar of Gozag.
 13168 | D:9      | Found a stormy altar of Qazlal.
 13357 | D:9      | Found Gadytug's Distillery.
 13365 | D:9      | Bought a potion of degeneration for 13 gold pieces
 13365 | D:9      | Bought a potion of lignification for 39 gold pieces
 13365 | D:9      | Bought a potion of might for 52 gold pieces
 13365 | D:9      | Bought a potion of heal wounds for 65 gold pieces
 13365 | D:9      | Bought a potion of curing for 39 gold pieces
 13365 | D:9      | Bought 2 potions of curing for 78 gold pieces
 13800 | D:10     | Entered Level 10 of the Dungeon
 14145 | D:10     | Reached skill level 1 in Conjurations
 14785 | D:11     | Reached skill level 5 in Invocations
 15004 | D:11     | Reached skill level 1 in Translocations
 15100 | D:11     | Found a staircase to the Orcish Mines.
 15145 | D:11     | Found Hekhlud's Elemental Accessories.
 15369 | D:11     | Noticed a manticore
 15380 | D:11     | Killed a manticore
 15382 | D:11     | Noticed a cyclops
 15398 | D:11     | Killed a cyclops
 15914 | D:12     | Reached ***** piety under Sif Muna
 15916 | D:12     | Noticed a cyclops
 15928 | D:12     | Killed a cyclops
 15928 | D:12     | Reached skill level 5 in Fire Magic
 16038 | Lair:1   | Entered Level 1 of the Lair of Beasts
 16062 | Lair:1   | Reached skill level 11 in Poison Magic
 16064 | Lair:1   | Identified Sif Muna's Volume of the Frostbite and Evil (Sif
                  | Muna gifted it to you on level 1 of the Lair of Beasts)
 16064 | Lair:1   | Received a gift from Sif Muna
 16172 | Lair:1   | Reached XP level 12. HP: 90/103 MP: 14/23
 16172 | Lair:1   | Reached skill level 5 in Dodging
 17154 | Lair:2   | Reached skill level 5 in Evocations
 18473 | Lair:2   | Found a staircase to the Swamp.
 18744 | Lair:2   | Found a staircase to the Snake Pit.
 20081 | Lair:3   | Noticed a death yak
 20082 | Lair:3   | Noticed a death yak
 20090 | Lair:3   | Noticed a death yak
 20091 | Lair:3   | Noticed a death yak
 20096 | Lair:3   | Killed a death yak
 20096 | Lair:3   | Reached skill level 12 in Poison Magic
 20115 | Lair:2   | Killed a death yak
 20115 | Lair:2   | Reached skill level 5 in Conjurations
 20161 | Lair:2   | Killed a death yak
 20437 | Lair:3   | Gained mutation: You can use your snake-like lower body to
                  | constrict enemies. [Naga growth]
 20437 | Lair:3   | Reached XP level 13. HP: 91/111 MP: 11/25
 21884 | Lair:4   | Identified Sif Muna's Tome of Changing and Fire (Sif Muna
                  | gifted it to you on level 4 of the Lair of Beasts)
 21884 | Lair:4   | Received a gift from Sif Muna
 21947 | Lair:4   | Learned a level 6 spell: Eringya's Noxious Bog
 21953 | Lair:4   | Learned a level 5 spell: Irradiate
 22700 | Lair:5   | Reached skill level 13 in Poison Magic
 24141 | Lair:6   | Entered Level 6 of the Lair of Beasts
 24832 | Lair:6   | Found a staircase to the Slime Pits.
 24934 | Lair:6   | Reached skill level 5 in Translocations
 24944 | Lair:6   | Reached XP level 14. HP: 76/123 MP: 27/27
 25837 | Lair:6   | Found a viscous altar of Jiyva.
 26253 | Lair:6   | Noticed a dire elephant
 26269 | Lair:6   | Killed a dire elephant
 26643 | Lair:6   | Noticed a dire elephant
 26694 | Lair:6   | Killed a dire elephant
 26927 | Lair:6   | Got a slimy shortbow
 27321 | Orc:1    | Entered Level 1 of the Orcish Mines
 27330 | Orc:1    | Noticed Erica
 27336 | Orc:1    | Killed Erica
 27353 | Orc:1    | Identified the +5 shortbow of the Many Servitors {flame,
                  | *Slow rF+ Int+4 Dex+4} (You found it on level 6 of the Lair
                  | of Beasts)
 27405 | Orc:1    | Noticed Erolcha
 27409 | Orc:1    | Reached skill level 10 in Spellcasting
 27416 | Orc:1    | Killed Erolcha
 27602 | Orc:1    | Noticed a stone giant
 27617 | Orc:1    | Killed a stone giant
 27803 | Orc:1    | Identified Sif Muna's Catalogue of Conjuration (Sif Muna
                  | gifted it to you on level 1 of the Orcish Mines)
 27803 | Orc:1    | Received a gift from Sif Muna
 27889 | Orc:1    | Noticed Jorgrun
 27898 | Orc:1    | Found Zutsy's Food Emporium.
 27903 | Orc:1    | Killed Jorgrun
 28029 | Orc:1    | Found Uleifedgh's Antique Weapon Emporium.
 28037 | Orc:1    | Bought an encrusted spear for 232 gold pieces
 28037 | Orc:1    | Identified the +7 spear of Duty {vorpal, +Inv SInv} (You
                  | bought it in a shop on level 1 of the Orcish Mines)
 28160 | Orc:1    | Found a roughly hewn altar of Beogh.
 28415 | Orc:2    | Entered Level 2 of the Orcish Mines
 28548 | Orc:2    | Noticed an orc warlord
 28567 | Orc:2    | Killed an orc warlord
 28567 | Orc:2    | Reached skill level 14 in Poison Magic
 29170 | Orc:2    | Found a roughly hewn altar of Beogh.
 29196 | Orc:2    | Found Ymuat's Magic Scroll Emporium.
 29215 | Orc:2    | Bought a scroll of magic mapping for 42 gold pieces
 29215 | Orc:2    | Bought a scroll of teleportation for 36 gold pieces
 29215 | Orc:2    | Bought a scroll of teleportation for 36 gold pieces
 29215 | Orc:2    | Bought a scroll of teleportation for 36 gold pieces
 29215 | Orc:2    | Bought a scroll of identify for 24 gold pieces
 29215 | Orc:2    | Bought a scroll of acquirement for 624 gold pieces
 29215 | Orc:2    | Bought a scroll of identify for 24 gold pieces
 29215 | Orc:2    | Bought a scroll of magic mapping for 42 gold pieces
 29217 | Orc:2    | Acquired a +0 naga barding of fire resistance
 29218 | Orc:2    | Acquired the +0 staff of Battle
 29219 | Orc:2    | Found the +0 staff of Battle
 29238 | Orc:2    | Learned a level 6 spell: Statue Form
 29725 | Orc:2    | Found a staircase to the Elven Halls.
 29837 | Orc:2    | Got an ichor-stained dagger
 29837 | Orc:2    | Identified the +9 dagger of Patterns {antimagic, Str+7
                  | Int+2 Dex-4} (You found it on level 2 of the Orcish Mines)
 30400 | Orc:2    | Reached XP level 15. HP: 124/132 MP: 26/29
 30528 | Orc:2    | Identified Sif Muna's Almanac of Flamy Contamination (Sif
                  | Muna gifted it to you on level 2 of the Orcish Mines)
 30528 | Orc:2    | Received a gift from Sif Muna
 30664 | Orc:2    | Found a roughly hewn altar of Beogh.
 30890 | Orc:2    | Found Hyirequo's Antique Armour Emporium.
 30917 | Orc:2    | Found Qioguup's Food Shoppe.
 30929 | Orc:2    | Reached skill level 5 in Shields
 31197 | Orc:2    | Found Opsib's Armour Shop.
 31904 | D:12     | Noticed Snorg
 31912 | D:12     | Killed Snorg
 31926 | D:12     | Noticed Nergalle
 31936 | D:12     | Killed Nergalle
 33707 | D:13     | Found a runed translucent door.
 33716 | D:13     | You fall into a shaft and drop 2 floors!
 33716 | D:15     | Entered Level 15 of the Dungeon
 34834 | D:15     | Found a staircase to the Depths.
 34835 | D:15     | Noticed a fire giant
 34871 | D:15     | Killed a fire giant
 36002 | D:15     | Received a gift from Sif Muna
 36182 | D:14     | Reached skill level 1 in Earth Magic
 36331 | D:14     | Reached skill level 15 in Poison Magic
 36548 | D:14     | Mangled by a skeletal warrior

Illustrated notes

Levels and vault maps discovered:
D:1:      wander_arrival_estate, layout_basic
D:2:      layout_basic, first_ration, trog_hazing_becter, uniq_jessica
D:3:      layout_basic, dk_noncrumbling_4
D:4:      layout_layer_cave, gammafunk_temple_overflow_statue,
          minmay_temple_entry_proselytizer, serial_shops, shop,
          grunt_decor_resistance, uniq_ijyb
D:5:      layout_basic, overflow_temple_1_default, marbit_many_paths,
          portal_sewer_entry_a, basic_altar
D:6:      minmay_bubble_buster, layout_basic, kennysheep_ying_yang,
          serial_shops, nicolae_shop_behind_doors, basic_altar
D:7:      minmay_angry_zag, layout_basic, nemelex_xobeh_ov_fountains_minmay,
          gammafunk_ghost_necromancy, minmay_ruined_shrine
D:8:      layout_rooms, dpeg_oklobed_lair, serial_shops, shop, uniq_maggie,
          uniq_prince_ribbit1
D:9:      layout_loops_ring, lemuel_round_altar, nicolae_overflow_hidden_temple,
          lemuel_crystal_altar, lemuel_doored_altar, basic_altar, serial_shops,
          kennysheep_mini_moat, david_nohive_1, minmay_fire_ice_demons,
          uniq_psyche
D:10:     layout_stronghold
D:11:     layout_small_grid, orc_0_dummy, minmay_misc_feat_chi,
          nicolae_elemental_shop
D:12:     layout_basic, st_stairs_14, grunt_ministairs_9, uniq_nergalle,
          uniq_snorg
D:13:     cheibrodos_body_horror, layout_long_grid, basic_altar,
          lightli_fourway_metalbox
D:14:     layout_rooms, grunt_vaults_entry_tiered, nicolae_benzene_ring
D:15:     grunt_enter_depths_giant_problem, layout_irregular_city,
          grunt_decor_cap
Temple:   minmay_temple_curvy_loop
Lair:1:   layout_cave_pods
Lair:2:   lemuel_ratsnest, layout_gridlike, nicolae_swamp_entry_splash_gauntlet,
          guppyfry_snake_entry_island, cheibrodos_lair_lostbears,
          infiniplex_staircase_pool_2
Lair:3:   layout_loops_ring, grunt_megastairs_1
Lair:4:   layout_gridlike
Lair:5:   layout_loops_ring, patterned_corridor
Lair:6:   hangedman_lair_in_review, layout_gridlike, slime_altar_1
Orc:1:    layout_diamond_mine, basic_altar, serial_shops,
          nicolae_shop_statue_plus, nicolae_shop_waterfront, uniq_erica,
          uniq_jorgrun, uniq_erolcha
Orc:2:    pubby_orc_utopia

Skill      XL: |  1  2  3  4  5  6  7  8  9 10 11 12 13 14 15 |
---------------+----------------------------------------------+-----
Air Magic      | 1 2 3 4 5 |  5.0
Transmutations | 2 3 4 5 6 |  6.9
Fighting       | 1 2 3 4 5 6 7 8 |  8.3
Dodging        | 2 3 4 5 6 7 |  7.2
Poison Magic   | 5 6 7 8 10 11 12 13 14 15 | 15.1
Spellcasting   | 3 4 5 6 7 8 9 10 11 | 11.0
Invocations    | 1 3 4 5 6 7 8 |  8.7
Fire Magic     | 1 3 4 5 |  5.0
Evocations     | 1 2 3 4 5 6 7 |  7.8
Shields        | 2 4 5 |  5.5
Conjurations   | 2 5 7 8 9 |  9.4
Translocations | 2 3 5 |  5.0
Earth Magic    | 1 |  1.5
Stealth        | |  3.0

Action                   |  1- 3 |  4- 6 |  7- 9 | 10-12 | 13-15 || total
-------------------------+-------+-------+-------+-------+-------++-------
Melee: Club              |     3 |    23 |    87 |   224 |       ||   337
       War axe           |       |       |   115 |    91 |       ||   206
       Scimitar          |       |       |       |   260 |   308 ||   568
       Constrict         |       |       |       |       |   181 ||   181
       Whip              |       |       |       |       |     9 ||     9
       Spear             |       |       |       |       |   610 ||   610
       Staff             |       |       |       |       |    15 ||    15
       Demon whip        |       |       |       |       |    10 ||    10
Throw: Dart              |       |       |       |       |     3 ||     3
 Cast: Sting             |    20 |    49 |    94 |   144 |   100 ||   407
       Poisonous Vapours |    10 |    53 |    67 |    90 |    60 ||   280
       Mephitic Cloud    |       |       |    10 |    64 |    76 ||   150
       Olgreb's Toxic Ra |       |       |    12 |    37 |    63 ||   112
       Ignite Poison     |       |       |     7 |    34 |    44 ||    85
       Blink             |       |       |       |     5 |     4 ||     9
       Eringya's Noxious |       |       |       |       |    25 ||    25
       Irradiate         |       |       |       |       |     2 ||     2
Invok: Channel Magic     |       |       |       |     3 |       ||     3
 Abil: Spit Poison       |     6 |     8 |     7 |     8 |       ||    29
Evoke: Wand              |       |       |     2 |     5 |       ||     7
  Use: Scroll            |       |       |     7 |    12 |    21 ||    40
       Potion            |       |       |       |     1 |       ||     1
 Stab: Confused          |       |       |       |     2 |    10 ||    12
       Sleeping          |       |       |       |       |     5 ||     5
  Eat: Chunk             |     1 |    11 |    21 |    23 |    47 ||   103
       Ration            |       |       |       |     4 |     3 ||     7
Armor: Robe              |     3 |    11 |    42 |       |       ||    56
       Ring mail         |       |       |    26 |       |       ||    26
       Leather armour    |       |       |    23 |   276 |   453 ||   752
Dodge: Dodged            |     3 |    30 |   244 |   504 |   712 ||  1493
Block: Buckler           |       |       |     4 |   219 |   337 ||   560
       Rpst.: Scimitar   |       |       |       |    60 |    62 ||   122
